 Dungeon Crawl Stone Soup version 0.21.1-1-g345015f (console) character file.

102 bli the Skirmisher (level 5, -7/43 HPs)
             Began as a Formicid Abyssal Knight on July 28, 2018.
             Was a Follower of Lugonu.
             Mangled by an iguana (8 damage)
             ... on level 9 of the Dungeon.
             The game lasted 00:12:47 (2316 turns).

bli the Skirmisher (Formicid Abyssal Knight)        Turns: 2316, Time: 00:12:48

Health: -7/43      AC:  3    Str: 16    XL:     5   Next: 5%
Magic:  6/6        EV: 11    Int: 17    God:    Lugonu [*.....]
Gold:   188        SH:  0    Dex: 11    Spells: 4/4 levels left

rFire    . . .     SeeInvis +   a - +1 spear
rCold    . . .     Gourm    .   (no shield)
rNeg     . . .     Faith    .   b - +0 leather armour
rPois    .         Spirit   .   (helmet unavailable)
rElec    .         Reflect  .   (no cloak)
rCorr    .         Harm     .   (no gloves)
MR       .....                  (no boots)
Stlth    +.........             (no amulet)
HPRegen  0.14/turn              (no ring)
MPRegen  0.10/turn              (no ring)

@: brilliant
A: permanent stasis, dig shafts and tunnels, four strong arms, antennae 3
a: Dig, Shaft Self, Depart the Abyss, Renounce Religion


You were on level 9 of the Dungeon.
You worshipped Lugonu.
Lugonu was aware of your devotion.
You were not hungry.

You visited 1 branch of the dungeon, and saw 6 of its levels.
You visited the Abyss 1 time.

You collected 188 gold pieces.

Inventory:

Hand Weapons
 a - a +1 spear (weapon)
Missiles
 g - 4 tomahawks (quivered)
 j - 95 stones
Armour
 b - a +0 leather armour (worn)
 f - a +0 ring mail
Wands
 n - a wand of iceblast (3)
Scrolls
 h - a scroll of blinking {unknown}
 k - 5 scrolls of remove curse {unknown}
 l - 2 scrolls of identify {unknown}
 m - 2 scrolls of fear {unknown}
 s - a scroll of teleportation {unknown}
 t - a scroll of magic mapping {unknown}
Potions
 e - a potion of curing {unknown}
 i - a potion of flight {unknown}
 o - a potion of haste {unknown}
 p - a potion of mutation {unknown}
 r - a potion of might {unknown}
Comestibles
 c - 4 rations


   Skills:
 * Level 4.8 Fighting
 + Level 2.8 Polearms
 + Level 2.8 Armour
 + Level 1.1 Dodging
 + Level 0.6 Stealth
 + Level 2.4 Invocations


You had 4 spell levels left.
You didn't know any spells.

Dungeon Overview and Level Annotations

Branches:
Dungeon (6/15)
 Temple: D:4-7

Altars:
Kikubaaqudgha

Annotations:
D:4 Pikel


Innate Abilities, Weirdness & Mutations

You cannot be hasted, slowed, berserked, paralysed or teleported.
You can dig through walls and to a lower floor.
Your four strong arms can wield two-handed weapons with a shield.
You have a pair of large antennae on your head. (SInv)


Message History

The iguana is moderately wounded.
The iguana bites you!
You hit the iguana but do no damage.
The iguana is moderately wounded.
The iguana bites you!
* * * LOW HITPOINT WARNING * * *
You hit the iguana but do no damage.
The iguana is moderately wounded.
The iguana barely misses you.
You closely miss the iguana.
The iguana is moderately wounded.
The iguana barely misses you.
You hit the iguana.
The iguana is heavily wounded.
The iguana bites you!
* * * LOW HITPOINT WARNING * * *
It was a potion of brilliance.
You feel clever all of a sudden. The iguana bites you!
You die...

#+##
+###########....
................
................
..............
............ ...
.........# ....
#..l@.##....
#..?........
#.......[...
#...........
#...........
#...........
#...........
########....
.... ...


You could see an iguana.

Vanquished Creatures
  An orc wizard (D:3)
  2 adders
  An ooze (D:1)
  A worm (D:2)
  A leopard gecko (D:2)
  3 orcs
  2 giant cockroaches
  5 goblins
  5 hobgoblins
  3 jackals (D:2)
  9 kobolds
  A quokka (D:2)
  2 bats
  2 frilled lizards (D:1)
  5 rats
43 creatures vanquished.

Notes
Turn   | Place    | Note
-------+----------+-------------------------------------------
     0 | Abyss:1  | bli the Formicid Abyssal Knight began the quest for the Orb.
     0 | Abyss:1  | Reached XP level 1. HP: 18/18 MP: 2/2
    25 | Abyss:2  | Found a corrupted altar of Lugonu.
    58 | Abyss:2  | Found a corrupted altar of Lugonu.
    75 | Abyss:2  | Found a corrupted altar of Lugonu.
    86 | Abyss:2  | Noticed a jelly
   107 | Abyss:2  | Noticed a tentacled starspawn
   117 | D:1      | Escaped the Abyss
   148 | D:1      | Reached XP level 2. HP: 10/25 MP: 3/3
   448 | D:1      | Reached skill level 4 in Fighting
   579 | D:1      | Reached * piety under Lugonu
   597 | D:1      | Reached XP level 3. HP: 19/30 MP: 4/4
  1150 | D:2      | Reached skill level 1 in Dodging
  1324 | D:2      | Reached XP level 4. HP: 35/38 MP: 5/5
  1329 | D:2      | Found an ancient bone altar of Kikubaaqudgha.
  1724 | D:4      | Reached XP level 5. HP: 12/43 MP: 6/6
  1950 | D:4      | Noticed a slave
  1951 | D:4      | Noticed a slave
  1952 | D:4      | Noticed Pikel
  1976 | D:3      | Reached ** piety under Lugonu
  2004 | D:3      | You fall through a shaft for 3 floors!
  2024 | D:6      | Noticed an ogre
  2028 | D:6      | You fall through a shaft for 3 floors!
  2315 | D:9      | HP: 1/43 [iguana (10)]
  2316 | D:9      | Mangled by an iguana

Skill      XL: |  1  2  3 |
---------------+----------+-----
Fighting       | 4 |  4.8
Dodging        | 1 |  1.1
Polearms       | |  2.8
Armour         | |  2.8
Stealth        | |  0.6
Invocations    | |  2.4

Action                   |  1- 3 |  4- 6 || total
-------------------------+-------+-------++-------
Melee: Spear             |   116 |    80 ||   196
Invok: Depart the Abyss  |     1 |       ||     1
 Abil: Shaft Self        |       |     2 ||     2
       Dig               |       |     1 ||     1
  Use: Potion            |       |     1 ||     1
  Eat: Chunk             |     1 |     2 ||     3
       Ration            |       |     1 ||     1
Armor: Leather armour    |    17 |    16 ||    33
Dodge: Dodged            |    40 |    44 ||    84
